 Dungeon Crawl Stone Soup version 0.31-a0-210-gccc998df9b (webtiles) character file.

Game seed: 368763772084218254

2863 Ijustatesigmund the Stinger (level 9, -1/76 (85) HPs)
             Began as an Octopode Venom Mage on June 29, 2023.
             Was a Believer of Vehumet.
             Slain by a wight
             ... wielding a +4 hand axe
              (9 damage)
             ... on level 8 of the Dungeon.
             The game lasted 00:15:08 (8993 turns).

Ijustatesigmund the Stinger (Octopode Venom Mage)   Turns: 8993, Time: 00:15:09

HP:   -1/76 (85)    AC:  2    Str:  8    XL:     9   Next: 75%
MP:   16/16         EV: 13    Int: 24    God:    Vehumet [**....]
Gold: 363           SH:  0    Dex: 12    Spells: 5/18 levels left

rFire   + . .        b - +1 trident (protect)
rCold   . . .        (no shield)
rNeg    . . .        v - +1 hat {Int+3}
rPois   .            (no amulet)
rElec   .            g - ring of protection from fire
rCorr   .            (no ring)
SInv    .            (no ring)
Will    .....        (no ring) Stlth
                     (no ring)
HPRegen 0.32/turn    (no ring)
MPRegen 0.15/turn    (no ring)
                     (no ring)

%: no passive effects
@: berserking, heavily drained, very quick
A: almost no armour, amphibious, 8 rings, camouflage 1, gelatinous body 1,
(nimble swimmer 1), tentacles
a: Renounce Religion


You were on level 8 of the Dungeon.
You worshipped Vehumet.
Vehumet was pleased with you.
You visited 2 branches of the dungeon, and saw 9 of its levels.

You collected 423 gold pieces.
You spent 60 gold pieces at shops.

Inventory:

Hand Weapons
 a - a +3 flail of protection
 b - a +1 trident of protection (weapon)
Armour
 v - a +1 hat of intelligence (worn)
Jewellery
 g - a ring of protection from fire (left tentacle)
 j - a ring of flight
Wands
 h - a wand of mindburst (4)
 p - a wand of digging (4)
 s - a wand of charming (8)
Scrolls
 d - a scroll of fear
 f - a scroll of poison
 l - a scroll of teleportation
 n - a scroll of identify
 q - 2 scrolls of enchant weapon
 r - a scroll of revelation
 u - a scroll of brand weapon
Potions
 c - a potion of lignification
 e - 2 potions of resistance
 i - 3 potions of attraction
 k - a potion of berserk rage
 m - a potion of heal wounds {unknown}
 o - a potion of invisibility
 t - a potion of brilliance {unknown}


   Skills:
 - Level 3.6 Fighting
 - Level 3.2 Polearms
 - Level 2.0 Dodging
 - Level 2.6 Stealth
 + Level 5.1 Spellcasting
 + Level 4.9 Conjurations
 + Level 3.9 Transmutations
 + Level 3.6 Fire Magic
 + Level 4.9 Air Magic
 + Level 7.3 Poison Magic
 + Level 1.8 Evocations


You had 5 spell levels left.
You knew the following spells:

 Your Spells              Type           Power      Damage    Failure   Level
a - Sting                 Tmut/Pois      100%       1d8       1%          1
b - Poisonous Vapours     Pois/Air       70%        N/A       1%          2
c - Mephitic Cloud        Conj/Pois/Air  33%        N/A       2%          3
d - Olgreb's Toxic Radia  Pois           41%        N/A       4%          4
e - Ignite Poison         Fire/Tmut/Pois 30%        N/A       3%          3

Your spell library contained the following spells:

 Spells                   Type           Power      Damage    Failure   Level
 Static Discharge         Conj/Air       60%        2-5/arc   1%          2
 Cigotuvi's Dreadful Rot  Necr/Pois/Air  50%        N/A       2%          2
 Freezing Cloud           Conj/Ice/Air   11%        6-21      52%         5
 Conjure Ball Lightning   Conj/Air       15%        3x3d6     86%         6
 Discord                  Hex            3%         N/A       100%        8
 Disjunction              Tloc           3%         N/A       100%        8


Dungeon Overview and Level Annotations

Branches:
Dungeon (8/15)             Temple (1/1) D:4
   Lair: D:8-11

Altars:
Ashenzari
Cheibriados
Dithmenos
Elyvilon
Fedhas
Gozag
Hepliaklqana
Kikubaaqudgha
Makhleb
Nemelex Xobeh
Okawaru
Qazlal
Trog
Uskayaw
Vehumet
Wu Jian
Xom
Yredelemnul
Zin
The Shining One

Shops:
D:2 ?   D:4 :

Annotations:
D:4 2 transporters, magaron's ghost, amateur MiFi


Innate Abilities, Weirdness & Mutations

You cannot wear most types of armour.
You are amphibious.
You can wear up to eight rings at the same time.
Your skin changes colour to match your surroundings (Stealth+).
Your rubbery body absorbs attacks. (AC +1, EV +1)
((You are camouflaged when in or above water. (Stealth+)))
You have tentacles for arms and can constrict up to eight enemies at once.


Message History

No target in view!
No target in view!
No target in view!
No target in view!
No target in view!
No target in view!
No target in view!
No target in view!
You start resting.
HP restored.
You start waiting.
Done waiting.
You start waiting.
Done waiting.
There is a stone staircase leading up here.
i - 3 potions of attraction (gained 1)
There is a stone staircase leading up here.
You climb upwards.
The wight barely misses you. The wight hits you with a +4 hand axe.
There is a stone staircase leading down here.
The wight hits you with a +0 quarterstaff!
The wight hits you with a +4 hand axe!
You feel drained.
You climb downwards.
There is a stone staircase leading up here.
You barely miss the wight. You grab the wight. You squeeze the wight.
The wight is lightly damaged.
You constrict the wight, but do no damage.
The wight hits you with a +0 quarterstaff.
The wight hits you with a +4 hand axe!
* * * LOW HITPOINT WARNING * * *
You feel drained.
* * * LOW HITPOINT WARNING * * *
Okay, then.
A red film seems to cover your vision as you go berserk!
You feel yourself moving faster!
You feel mighty!
You constrict the wight, but do no damage.
The wight hits you with a +0 quarterstaff!
* * * LOW HITPOINT WARNING * * *
The wight hits you with a +4 hand axe!
You die...

#............... #
##...............
.. ....(...........
#. ............?..
###. #.............
#>...#.............
.........[.....(...
#....@z..#
#...z#...#
#...##.....#
#..###.....# ##.
####### ##


You could see 2 wights.

Vanquished Creatures
  Sigmund (D:4)
  Menkaure (D:6)
  Edmund (D:4)
  Duvessa (D:4)
  2 orc warriors
  2 ice beasts
  2 black bears (D:5)
  A sky beast (D:7)
  A phantom (D:5)
  4 bullfrogs
  A gnoll sergeant (D:6)
  A scorpion (D:6)
  4 wights
  Dowan (D:4)
  A howler monkey (D:6)
  4 orc priests
  4 hounds
  2 gnoll boudas
  Jessica (D:3)
  8 orc wizards
  Ijyb (D:4)
  5 iguanas
  Natasha (D:3)
  12 gnolls
  3 adders
  A shadow imp (D:5)
  An ufetubus (D:4)
  A worm (D:2)
  4 dart slugs
  30 orcs
  4 endoplasms
  2 giant cockroaches
  7 goblins
  8 hobgoblins
  7 jackals (D:4)
  2 quokkas
  2 ball pythons
  3 bats
  2 frilled lizards
  5 kobolds
  8 rats
152 creatures vanquished.

Notes
Turn   | Place    | Note
-------+----------+-------------------------------------------
     0 | D:1      | Ijustatesigmund the Octopode Venom Mage began the quest for
                  | the Orb.
     0 | D:1      | Reached XP level 1. HP: 11/11 MP: 3/3
   403 | D:1      | Reached XP level 2. HP: 16/18 MP: 1/5
   406 | D:1      | Learned a level 2 spell: Poisonous Vapours
   999 | D:2      | Found a sparkling altar of Nemelex Xobeh.
  1008 | D:2      | Reached skill level 1 in Fighting
  1008 | D:2      | Reached skill level 4 in Poison Magic
  1306 | D:2      | Reached XP level 3. HP: 19/23 MP: 6/6
  1310 | D:2      | Learned a level 3 spell: Mephitic Cloud
  1553 | D:2      | Found Tupsasai's Magic Scroll Emporium.
  1573 | D:2      | Bought a scroll of teleportation for 30 gold pieces
  1573 | D:2      | Bought a scroll of noise for 10 gold pieces
  1573 | D:2      | Bought a scroll of identify for 20 gold pieces
  1887 | D:3      | Reached skill level 1 in Air Magic
  1939 | D:3      | Noticed Jessica
  1944 | D:3      | Killed Jessica
  1945 | D:3      | Reached XP level 4. HP: 28/28 MP: 0/7
  2037 | D:3      | Reached skill level 1 in Conjurations
  2267 | D:3      | Noticed Natasha
  2271 | D:3      | Killed Natasha
  2914 | D:4      | Noticed Sigmund
  2923 | D:4      | Killed Sigmund
  2924 | D:4      | Reached skill level 5 in Poison Magic
  2924 | D:4      | Reached XP level 5. HP: 25/33 MP: 5/10
  2924 | D:4      | Reached XP level 6. HP: 29/38 MP: 5/11
  3092 | D:4      | Noticed magaron's ghost (amateur MiFi)
  3093 | D:4      | Noticed a wyvern
  3095 | D:4      | Found a transporter.
  3132 | D:4      | Found a staircase to the Ecumenical Temple.
  3144 | D:4      | Found a transporter.
  3181 | Temple   | Entered the Ecumenical Temple
  3284 | Temple   | Became a worshipper of Vehumet
  3328 | D:4      | Noticed Ijyb
  3339 | D:4      | Killed Ijyb
  3544 | D:4      | Learned a level 4 spell: Olgreb's Toxic Radiance
  4019 | D:4      | Reached XP level 7. HP: 43/43 MP: 5/12
  4023 | D:4      | Learned a level 3 spell: Ignite Poison
  4132 | D:4      | Identified the +2 leather armour of Gawnaaph {Dex+6}
  4460 | D:4      | Noticed Edmund
  4483 | D:4      | Killed Edmund
  4548 | D:4      | Noticed Duvessa
  4558 | D:4      | Killed Duvessa
  4558 | D:4      | Noticed Dowan
  4559 | D:4      | Reached skill level 1 in Fire Magic
  4766 | D:4      | Found Ejojugh's Book Shoppe.
  4778 | D:4      | Killed Dowan
  5231 | D:4      | Found a hide-covered altar of Uskayaw.
  5395 | D:5      | Entered Level 5 of the Dungeon
  5434 | D:5      | Reached skill level 6 in Poison Magic
  5846 | D:5      | Reached XP level 8. HP: 44/48 MP: 14/14
  5905 | D:5      | HP: 2/48 [ice beast (12)]
  6356 | D:6      | Reached * piety under Vehumet
  6356 | D:6      | Offered knowledge of Magic Dart by Vehumet.
  6586 | D:6      | Noticed Menkaure
  6589 | D:6      | Killed Menkaure
  6885 | D:6      | Reached XP level 9. HP: 53/55 MP: 11/16
  8088 | D:7      | Reached ** piety under Vehumet
  8088 | D:7      | Offered knowledge of Static Discharge by Vehumet.
  8096 | D:7      | Reached skill level 7 in Poison Magic
  8100 | D:7      | Reached skill level 1 in Evocations
  8238 | D:7      | Reached skill level 5 in Spellcasting
  8268 | D:7      | Identified a scroll of acquirement
  8268 | D:7      | Acquired a +1 hat of intelligence
  8993 | D:8      | Slain by a wight

Illustrated notes

Levels and vault maps discovered:
D:1:      psy_arrival_radial02, layout_rooms
D:2:      layout_rooms, basic_altar, serial_shops, shop
D:3:      layout_basic, minmay_quantized, uniq_jessica, uniq_natasha
D:4:      layout_layer_cave, mainiacjoe_overflow_alcove_4,
          minmay_temple_entry_slanted, gammafunk_ghost_arena,
          nicolae_take_the_stairs, uniq_edmund, uniq_sigmund, uniq_duvessa,
          uniq_ijyb
D:5:      layout_loops_corners
D:6:      layout_loops_ring, uniq_menkaure
D:7:      layout_loops_cross
D:8:      layout_cave_pools, serial_shops, shop_coins,
          hangedman_abyss_or_decor_clamps, kennysheep_generic_room_16,
          uniq_pikel
Temple:   compressed_dpeg_circular_temple

Skill      XL: |  1  2  3  4  5  6  7  8  9 |
---------------+----------------------------+-----
Fighting       | 1 2 3 |  3.6
Poison Magic   | 4 5 6 7 |  7.3
Air Magic      | 1 2 3 4 |  4.9
Conjurations   | 2 3 4 |  4.9
Spellcasting   | 3 4 5 |  5.1
Fire Magic     | 1 3 |  3.6
Transmutations | 2 3 |  3.9
Polearms       | 2 3 |  3.2
Evocations     | 1 |  1.8
Dodging        | |  2.0
Stealth        | |  2.6

Action                     |  1- 3 |  4- 6 |  7- 9 || total
---------------------------+-------+-------+-------++-------
  Melee: Trident           |    53 |    62 |   216 ||   331
         Constrict         |    10 |    13 |    37 ||    60
         Tentacles         |    10 |     9 |    53 ||    72
         Punch             |     1 |     1 |     4 ||     6
   Cast: Sting             |     2 |       |     5 ||     7
         Poisonous Vapours |    21 |    29 |    18 ||    68
         Mephitic Cloud    |       |     4 |     3 ||     7
         Olgreb's Toxic Ra |       |     2 |    11 ||    13
         Ignite Poison     |       |       |    14 ||    14
  Evoke: Wand              |       |       |     2 ||     2
    Use: Scroll            |     7 |     3 |     2 ||    12
         Potion            |       |       |    12 ||    12
   Stab: Sleeping          |     7 |     3 |     5 ||    15
         Confused          |       |     1 |       ||     1
         Distracted        |       |       |     1 ||     1
 Armour: Skin              |     1 |     8 |    60 ||    69
  Dodge: Dodged            |    22 |    34 |   124 ||   180

Table legend: (Time is in decaauts)
 A = Elapsed time spent in this place.
 B = Non-inter-level travel time spent in this place.
 C = Inter-level travel time spent in this place.
 D = Time resting spent in this place.
 E = Time spent auto-exploring this place.
 F = Levels seen in this place.
 G = Mean time per level.
                   A        B        C        D        E       F      G
               +--------+--------+--------+--------+--------+-----+--------+
         Total |   9058 |   8794 |    264 |   2582 |   5091 |   9 | 1006.4 |
       Dungeon |   8926 |   8691 |    235 |   2582 |   5014 |   8 | 1115.8 |
        Temple |    131 |    103 |     28 |      0 |     77 |   1 |  131.0 |
               +--------+--------+--------+--------+--------+-----+--------+

Top non-repeatable levels by time:
     D:4: 2482 daAuts
     D:5: 1482 daAuts
     D:6: 1191 daAuts
     D:3: 1125 daAuts
     D:1: 999 daAuts
     D:2: 691 daAuts
     D:7: 687 daAuts
     D:8: 266 daAuts
  Temple: 131 daAuts
